Map: White Rabbit LE

Players

Cypem

  • Race: Zerg Zerg
  • League: Grandmaster
  • Spawn Location: 7:00

A.I. 1 (Very Easy) - Winner!

  • Race: Zerg Zerg
  • Spawn Location: 1:00

VOD

https://www.patreon.com/c/zergsgroundzero/posts

Description

Time

  • Played on: Feb. 6, 2026, 10:06 a.m.
  • Length: 5:13
Show
View Real Time Build Order
Export as new Build Order

Cypem Zerg 

Build Orders: Hatch First 

Get SALT Encoding   

  12  0:00  Drone  
  13  0:08  Drone  
  14  0:14  Extractor, Drone  
  15  0:21  Overlord  
  15  0:40  Drone  
  16  0:45  Hatchery  
  16  0:48  Drone  
  16  0:52  Drone  
  16  0:56  Drone  
  18  1:05  Extractor  
  18  1:11  Spawning Pool  
  16  1:14  Drone  
  16  1:17  Drone  
  18  1:26  Drone  
  19  1:39  Drone  
  20  1:48  Drone  
  21  1:57  Queen x2  
  21  1:59  Overlord  
  21  2:00  Zergling x2  
  26  2:07  Drone  
  27  2:09  Drone  
  27  2:10  Metabolic Boost  
  28  2:18  Drone  
  28  2:20  Drone  
  30  2:29  Drone  
  31  2:31  Drone  
  31  2:36  Hatchery  
  31  2:40  Drone  
  32  2:45  Baneling Nest  
  32  2:48  Overlord  
  31  2:51  Drone  
  31  2:54  Drone  
  33  2:59  Queen  
  33  3:03  Drone  
  36  3:10  Zergling x8  
  36  3:12  Drone  
  41  3:14  Drone  
  41  3:16  Drone  
  41  3:19  Drone  
  44  3:22  Overlord  
  44  3:28  Roach Warren  
  44  3:30  Baneling x2  
  43  3:34  Drone  
  43  3:35  Extractor, Drone  
  44  3:43  Drone x3  
  44  3:44  Drone x3  
  44  3:48  Drone  
  51  3:50  Drone  
  52  3:56  Overlord  
  52  3:58  Overlord  
  52  4:06  Overlord  
  52  4:08  Roach x3  
  58  4:16  Roach x4  
  66  4:21  Zergling x6  
  66  4:22  Zergling x2  
  70  4:28  Zergling x2  
  70  4:30  Overlord  
  71  4:31  Zergling x2  
  71  4:32  Zergling x4  
  74  4:41  Drone x2  
  74  4:42  Overlord  
  76  4:47  Drone  
  76  4:48  Drone x3, Evolution Chamber  
  79  4:53  Drone x3  
  79  4:55  Drone  
  79  4:57  Drone  
  79  4:58  Drone  
Show
View Real Time Build Order
Export as new Build Order

A.I. 1 (Very Easy) Zerg - Winner!

Build Orders: Pool Only 

Get SALT Encoding   

  12  0:01  Drone  
  13  0:12  Overlord  
  13  0:16  Drone  
  14  0:36  Spawning Pool  
  14  0:37  Extractor  
  14  0:40  Drone  
  13  0:47  Drone  
  14  0:51  Overlord  
  14  1:23  Zergling x2  
  15  1:25  Queen  
  15  1:32  Roach Warren  
  16  1:36  Drone  
  16  1:39  Extractor  
  16  1:42  Zergling x2  
  16  1:44  Drone  
  18  1:57  Drone  
  18  2:00  Zergling x2  
  20  2:08  Drone  
  21  2:19  Drone  
  22  2:29  Drone  
  23  2:31  Overlord  
  23  2:36  Drone  
  24  2:44  Drone  
  25  4:12  Zergling x2  
Tags
 
Add a new tag
Caveats
  • Supply blocks, unpowered buildings, or Contaminate may cause inaccurate times.
  • Supply counts are checked every 10 seconds.